TOP OF THE 1ST |
Kannapolis Intimidators batting - Pitching for Lansing Lugnuts : RHP Omar Torres
|
Pitching: RHP Omar Torres
|
|
Batting: LHB John Thurman
|
0-0: Called Strike 0-1: Called Strike 0-2: Ball 1-2: Foul Ball, location: 2F 1-2: Ball 2-2: Foul Ball, location: 2F 2-2: Foul Ball, location: 2F 2-2: DOUBLE (Flyball, 78XD, EV 105.0 MPH)
|
Batting: RHB Brad Boals
|
0-0: Ball 1-0: Ball 2-0: Called Strike Balk! John Thurman to third 2-1: Foul Ball, location: 2F 2-2: Ball 3-2: Ground out 6-3 (Groundball, 6, EV 81.9 MPH) John Thurman scores
|
Batting: LHB Angel Tellez
|
0-0: Ball 1-0: Ball 2-0: Ground out 5-3 (Groundball, 56, EV 92.5 MPH)
|
Batting: LHB Alberto Carrasco
|
0-0: Called Strike 0-1: Swinging Strike 0-2: Ball 1-2: Strikes out swinging
|
Top of the 1st over - 1 run, 1 hit, 0 errors, 0 left on base; Kannapolis 1 - Lansing 0 |
BOTTOM OF THE 1ST |
Lansing Lugnuts batting - Pitching for Kannapolis Intimidators : RHP Matt Hastings
|
Pitching: RHP Matt Hastings
|
|
Batting: RHB Elliot Manfredini
|
0-0: Called Strike 0-1: Swinging Strike 0-2: Foul Ball, location: 2F 0-2: Ground out 5-3 (Groundball, 5L, EV 109.4 MPH)
|
Batting: RHB Finn Ross
|
0-0: Ball 1-0: Foul Ball, location: 2F 1-1: Swinging Strike 1-2: Ball 2-2: Ground out 6-3 (Groundball, 6, EV 82.5 MPH)
|
Batting: SHB Jose Garcia
|
0-0: SINGLE (Groundball, 34D, EV 94.4 MPH)
|
Batting: RHB Bryan Westray
|
0-0: Ball Jose Garcia steals 2nd base (no throw) 1-0: Ball 2-0: Foul Ball, location: 2F 2-1: Ball 3-1: Base on Balls
|
Batting: LHB Dan Martinez
|
0-0: Ball 1-0: Swinging Strike 1-1: Ball 2-1: Foul Ball, location: 2F 2-2: Foul Ball, location: 2F 2-2: Fly out, F8 (Flyball, 8LD, EV 100.6 MPH)
|
Bottom of the 1st over - 0 runs, 1 hit, 0 errors, 2 left on base; Kannapolis 1 - Lansing 0 |
TOP OF THE 2ND |
Kannapolis Intimidators batting - Pitching for Lansing Lugnuts : RHP Omar Torres
|
Batting: LHB Preston Knaak
|
0-0: Ball 1-0: Foul Ball, location: 2F 1-1: Foul Ball, location: 2F 1-2: Foul Ball, location: 2F 1-2: Foul Ball, location: 2F 1-2: Ball 2-2: Strikes out looking
|
Batting: RHB Mark Jones
|
0-0: Ball 1-0: Foul Ball, location: 2F 1-1: Called Strike 1-2: Ball 2-2: Ball 3-2: Ground out U3 (Groundball, 34, EV 87.5 MPH)
|
Batting: RHB Danny Longoria
|
0-0: Ball 1-0: Called Strike 1-1: Swinging Strike 1-2: Ball 2-2: Foul Ball, location: 2F 2-2: Strikes out swinging
|
Top of the 2nd over - 0 runs, 0 hits, 0 errors, 0 left on base; Kannapolis 1 - Lansing 0 |
BOTTOM OF THE 2ND |
Lansing Lugnuts batting - Pitching for Kannapolis Intimidators : RHP Matt Hastings
|
Batting: RHB Taylor Phillips
|
0-0: Foul Ball, location: 2F 0-1: Ground out U3 (Groundball, 34S, EV 65.6 MPH)
|
Batting: LHB Roger Escareno
|
0-0: Ball 1-0: Ball 2-0: Called Strike 2-1: Foul Ball, location: 2F 2-2: Foul Ball, location: 2F 2-2: Foul Ball, location: 2F 2-2: Foul Ball, location: 2F 2-2: Ground out U3 (Groundball, 3S, EV 79.4 MPH)
|
Batting: RHB Luis Reyes
|
0-0: Called Strike 0-1: Ball 1-1: Ball 2-1: Ball 3-1: Base on Balls
|
Batting: RHB Darren McCarty Jr.
|
0-0: Ball Luis Reyes steals 2nd base 1-0: Called Strike 1-1: Ball 2-1: Ground out U3 (Groundball, 3, EV 106.3 MPH)
|
Bottom of the 2nd over - 0 runs, 0 hits, 0 errors, 1 left on base; Kannapolis 1 - Lansing 0 |
TOP OF THE 3RD |
Kannapolis Intimidators batting - Pitching for Lansing Lugnuts : RHP Omar Torres
|
Batting: RHB Ching-hsia Zhang
|
0-0: Ball 1-0: Ground out 4-3 (Groundball, 4, EV 103.1 MPH)
|
Batting: RHB Tyrell Camp
|
0-0: Foul Ball, location: 2F 0-1: Ball 1-1: Ball 2-1: Foul Ball, location: 2F 2-2: Ground out 4-3 (Groundball, 4, EV 104.4 MPH)
|
Batting: LHB John Thurman
|
0-0: Called Strike 0-1: Ball 1-1: Swinging Strike 1-2: SOLO HOME RUN (Flyball, 89XD, EV 99.4 MPH), Distance : 404 ft
|
Batting: RHB Brad Boals
|
0-0: Ball 1-0: Ball 2-0: Ball 3-0: Called Strike 3-1: Base on Balls
|
Batting: LHB Angel Tellez
|
0-0: Ball 1-0: Called Strike 1-1: Called Strike 1-2: SINGLE (Groundball, 4MD, EV 108.8 MPH) Brad Boals to second Brad Boals to third
|
Batting: LHB Alberto Carrasco
|
0-0: Called Strike 0-1: Ball 1-1: Swinging Strike 1-2: Foul Ball, location: 2F 1-2: Fly out, F6 (Popup, 6M, EV 74.4 MPH)
|
Top of the 3rd over - 1 run, 2 hits, 0 errors, 2 left on base; Kannapolis 2 - Lansing 0 |
BOTTOM OF THE 3RD |
Lansing Lugnuts batting - Pitching for Kannapolis Intimidators : RHP Matt Hastings
|
Batting: RHB Elliot Manfredini
|
0-0: Ball 1-0: SOLO HOME RUN (Flyball, 9D, EV 97.5 MPH), Distance : 373 ft
|
Batting: RHB Finn Ross
|
0-0: TRIPLE (Flyball, 78XD, EV 105.6 MPH)
|
Batting: SHB Jose Garcia
|
0-0: Called Strike 0-1: Foul Ball, location: 2F 0-2: Foul Ball, location: 2F 0-2: Ground out 4-3 (Groundball, 4, EV 101.9 MPH) Finn Ross scores
|
Batting: RHB Bryan Westray
|
0-0: Ball 1-0: Foul Ball, location: 2F 1-1: SINGLE (Line Drive, 9S, EV 103.1 MPH)
|
Batting: LHB Dan Martinez
|
0-0: Called Strike 0-1: Ball 1-1: Called Strike Bryan Westray steals 2nd base (no throw) 1-2: Ball 2-2: Ground out 3-1 (Groundball, 34, EV 103.1 MPH) Bryan Westray to third
|
Batting: RHB Taylor Phillips
|
0-0: Ball 1-0: Ball 2-0: Ball 3-0: Called Strike 3-1: Called Strike 3-2: Foul Ball, location: 2F 3-2: Ground out 4-3 (Groundball, 4, EV 94.4 MPH)
|
Bottom of the 3rd over - 2 runs, 3 hits, 0 errors, 1 left on base; Kannapolis 2 - Lansing 2 |
TOP OF THE 4TH |
Kannapolis Intimidators batting - Pitching for Lansing Lugnuts : RHP Omar Torres
|
Batting: LHB Preston Knaak
|
0-0: Foul Ball, location: 2F 0-1: Swinging Strike 0-2: Ball 1-2: Ball 2-2: Ground out 4-3 (Groundball, 4S, EV 72.5 MPH)
|
Batting: RHB Mark Jones
|
0-0: Fly out, F8 (Flyball, 8LD, EV 98.1 MPH)
|
Batting: RHB Danny Longoria
|
0-0: Called Strike 0-1: Foul Ball, location: 2F 0-2: Foul Ball, location: 2F 0-2: Ball 1-2: Foul Ball, location: 2F 1-2: Ball 2-2: Ball 3-2: Foul Ball, location: 2F 3-2: Ground out 6-3 (Groundball, 6, EV 100.6 MPH)
|
Top of the 4th over - 0 runs, 0 hits, 0 errors, 0 left on base; Kannapolis 2 - Lansing 2 |
BOTTOM OF THE 4TH |
Lansing Lugnuts batting - Pitching for Kannapolis Intimidators : RHP Matt Hastings
|
Batting: LHB Roger Escareno
|
0-0: Called Strike 0-1: Ball 1-1: DOUBLE (Line Drive, 7LM, EV 100.6 MPH)
|
Batting: RHB Luis Reyes
|
0-0: Ball 1-0: Fly out, F8 (Flyball, 8RXD, EV 90.0 MPH) Runner from 2nd tags up, SAFE at 3rd, no throw by CF
|
Batting: RHB Darren McCarty Jr.
|
0-0: Ball 1-0: Ball 2-0: Called Strike 2-1: Foul Ball, location: 2F 2-2: Strikes out swinging
|
Batting: RHB Elliot Manfredini
|
0-0: Called Strike 0-1: Ball 1-1: Ball Wild Pitch! Roger Escareno scores 2-1: Ball 3-1: Ground out 6-3 (Groundball, 6, EV 101.3 MPH)
|
Bottom of the 4th over - 1 run, 1 hit, 0 errors, 0 left on base; Kannapolis 2 - Lansing 3 |
TOP OF THE 5TH |
Kannapolis Intimidators batting - Pitching for Lansing Lugnuts : RHP Omar Torres
|
Batting: RHB Ching-hsia Zhang
|
0-0: Ball 1-0: Ground out 5-3 (Groundball, 5, EV 86.9 MPH)
|
Batting: RHB Tyrell Camp
|
0-0: Ball 1-0: Fly out, F2 (Popup, 23F, EV 89.4 MPH)
|
Batting: LHB John Thurman
|
0-0: Foul Ball, location: 2F 0-1: Foul Ball, location: 2F 0-2: Strikes out swinging
|
Top of the 5th over - 0 runs, 0 hits, 0 errors, 0 left on base; Kannapolis 2 - Lansing 3 |
BOTTOM OF THE 5TH |
Lansing Lugnuts batting - Pitching for Kannapolis Intimidators : RHP Matt Hastings
|
Batting: RHB Finn Ross
|
0-0: Called Strike 0-1: Fly out, F9 (Flyball, 9, EV 91.3 MPH)
|
Batting: SHB Jose Garcia
|
0-0: Ball 1-0: Ball 2-0: SINGLE (Groundball, 34D, EV 106.3 MPH)
|
Batting: RHB Bryan Westray
|
0-0: Ball Jose Garcia steals 2nd base 1-0: SINGLE (Line Drive, 5D, EV 105.6 MPH) Jose Garcia to third Runner from 3rd tries for Home, SAFE, throw by LF to home
|
Batting: LHB Dan Martinez
|
0-0: Called Strike 0-1: Ball 1-1: Ball 2-1: Foul Ball, location: 2F 2-2: Foul Ball, location: 2F 2-2: Fly out, F9 (Flyball, 89M, EV 80.0 MPH)
|
Batting: RHB Taylor Phillips
|
0-0: Called Strike 0-1: Ball Bryan Westray is caught stealing 2nd base 2-4
|
Bottom of the 5th over - 1 run, 2 hits, 0 errors, 0 left on base; Kannapolis 2 - Lansing 4 |
TOP OF THE 6TH |
Kannapolis Intimidators batting - Pitching for Lansing Lugnuts : RHP Omar Torres
|
Batting: RHB Brad Boals
|
0-0: Ball 1-0: Called Strike 1-1: Ball 2-1: Ball 3-1: Foul Ball, location: 2F 3-2: Strikes out looking
|
Batting: LHB Angel Tellez
|
0-0: Ball 1-0: Called Strike 1-1: Ball 2-1: Fly out, F7 (Flyball, 7, EV 80.6 MPH)
|
Batting: LHB Alberto Carrasco
|
0-0: Ball 1-0: Ground out 3-1 (Groundball, 34S, EV 66.3 MPH)
|
Top of the 6th over - 0 runs, 0 hits, 0 errors, 0 left on base; Kannapolis 2 - Lansing 4 |
BOTTOM OF THE 6TH |
Lansing Lugnuts batting - Pitching for Kannapolis Intimidators : RHP Matt Hastings
|
Pitching: LHP Donald Brannon
|
|
Batting: RHB Taylor Phillips
|
0-0: Called Strike 0-1: SINGLE (Groundball, 34D, EV 96.3 MPH)
|
Batting: LHB Roger Escareno
|
0-0: Called Strike 0-1: Ball 1-1: Ball 2-1: Ball 3-1: Reached on error, E6 (Groundball, 6, EV 99.4 MPH) Taylor Phillips to second
|
Batting: RHB Luis Reyes
|
0-0: Grounds into double play, 5-4-3 (Groundball, 56S, EV 90.6 MPH) Taylor Phillips to third
|
Batting: RHB Darren McCarty Jr.
|
0-0: Foul Ball, location: 2F 0-1: Ball 1-1: Ball 2-1: Ball 3-1: Base on Balls
|
Batting: RHB Elliot Manfredini
|
0-0: Called Strike Darren McCarty Jr. is caught stealing 2nd base 2-4
|
Bottom of the 6th over - 0 runs, 1 hit, 1 error, 1 left on base; Kannapolis 2 - Lansing 4 |
TOP OF THE 7TH |
Kannapolis Intimidators batting - Pitching for Lansing Lugnuts : RHP Omar Torres
|
Batting: LHB Preston Knaak
|
0-0: Called Strike 0-1: Ball 1-1: Ball 2-1: Ball 3-1: Base on Balls
|
Pitching: RHP Jordan Tejeda
|
|
Batting: RHB Mark Jones
|
0-0: Called Strike 0-1: Ball 1-1: Ball 2-1: Swinging Strike 2-2: Ball 3-2: Fielders Choice at 2nd, 6-4 (Groundball, 6, EV 91.9 MPH)
|
Pinch Hitting: LHB Dustin Taylor
|
0-0: Ball 1-0: Ball 2-0: Called Strike 2-1: Swinging Strike 2-2: Strikes out looking
|
Batting: RHB Ching-hsia Zhang
|
0-0: Ground out 4-3 (Groundball, 34, EV 103.1 MPH)
|
Top of the 7th over - 0 runs, 0 hits, 0 errors, 1 left on base; Kannapolis 2 - Lansing 4 |
BOTTOM OF THE 7TH |
Lansing Lugnuts batting - Pitching for Kannapolis Intimidators : LHP Donald Brannon
|
Pitching: RHP Jose Leal
|
|
Now at 3B: Gonçalo Burhil
|
|
Batting: RHB Elliot Manfredini
|
0-0: Ball 1-0: Called Strike 1-1: Foul Ball, location: 2F 1-2: SINGLE (Groundball, 25, EV 71.3 MPH) (infield hit)
|
Batting: RHB Finn Ross
|
0-0: Reached on error, E1 (Groundball, 13S, EV 43.8 MPH) Elliot Manfredini to second
|
Batting: SHB Jose Garcia
|
0-0: Called Strike 0-1: SINGLE (Groundball, 3S, EV 75.0 MPH) (infield hit) Elliot Manfredini to third Finn Ross to second
|
Batting: RHB Bryan Westray
|
0-0: Called Strike 0-1: Fly out, F3 (Popup, 23F, EV 86.9 MPH)
|
Batting: LHB Dan Martinez
|
0-0: Ball 1-0: Swinging Strike 1-1: Foul Ball, location: 2F 1-2: SINGLE (Groundball, 6M, EV 104.4 MPH) Elliot Manfredini scores Finn Ross to third Jose Garcia to second Runner from 3rd tries for Home, SAFE, throw by CF to home
|
Batting: RHB Taylor Phillips
|
0-0: Called Strike 0-1: Foul Ball, location: 2F 0-2: Ball 1-2: Foul Ball, location: 2F 1-2: Fly out, F8 (Flyball, 8LD, EV 96.3 MPH)
|
Batting: LHB Roger Escareno
|
0-0: Called Strike 0-1: Ball 1-1: Called Strike 1-2: Strikes out looking
|
Bottom of the 7th over - 2 runs, 3 hits, 1 error, 2 left on base; Kannapolis 2 - Lansing 6 |
TOP OF THE 8TH |
Kannapolis Intimidators batting - Pitching for Lansing Lugnuts : RHP Jordan Tejeda
|
Pitching: RHP Germano Nunes
|
|
Batting: RHB Tyrell Camp
|
0-0: Ball 1-0: Ball 2-0: Ball 3-0: Called Strike 3-1: Base on Balls
|
Batting: LHB John Thurman
|
0-0: Foul Ball, location: 2F 0-1: Ball 1-1: Foul Ball, location: 2F 1-2: Fly out, F9 (Flyball, 9LS, EV 75.0 MPH)
|
Batting: RHB Brad Boals
|
0-0: Swinging Strike 0-1: Ball 1-1: Foul Ball, location: 2F 1-2: Strikes out looking
|
Batting: LHB Angel Tellez
|
0-0: Foul Ball, location: 2F 0-1: Ball 1-1: Swinging Strike 1-2: Ball 2-2: Ball 3-2: Foul Ball, location: 2F 3-2: SINGLE (Line Drive, 56D, EV 101.9 MPH) Tyrell Camp to second Tyrell Camp to third
|
Batting: LHB Alberto Carrasco
|
0-0: Ball 1-0: Ball 2-0: Called Strike 2-1: Foul Ball, location: 2F 2-2: Ground out 4-3 (Groundball, 34D, EV 100.6 MPH)
|
Top of the 8th over - 0 runs, 1 hit, 0 errors, 2 left on base; Kannapolis 2 - Lansing 6 |
BOTTOM OF THE 8TH |
Lansing Lugnuts batting - Pitching for Kannapolis Intimidators : RHP Jose Leal
|
Pitching: LHP Ienari Kitahara
|
|
Batting: RHB Luis Reyes
|
0-0: Ball 1-0: Ball 2-0: Foul Ball, location: 2F 2-1: DOUBLE (Line Drive, 89D, EV 109.4 MPH)
|
Batting: RHB Darren McCarty Jr.
|
0-0: Foul Ball, location: 2F 0-1: Ball 1-1: Ball 2-1: Sac Bunt to 5S - play at first, batter OUT! 5-3 Luis Reyes to third
|
Batting: RHB Elliot Manfredini
|
0-0: Foul Ball, location: 2F 0-1: Ball 1-1: Ball 2-1: Called Strike 2-2: Strikes out looking
|
Batting: RHB Finn Ross
|
0-0: Called Strike 0-1: Ball 1-1: Swinging Strike 1-2: Ball 2-2: Ball 3-2: Foul Ball, location: 2F 3-2: Fly out, F7 (Flyball, 7, EV 86.3 MPH)
|
Bottom of the 8th over - 0 runs, 1 hit, 0 errors, 1 left on base; Kannapolis 2 - Lansing 6 |
TOP OF THE 9TH |
Kannapolis Intimidators batting - Pitching for Lansing Lugnuts : RHP Germano Nunes
|
Pitching: RHP Tony Riesco
|
|
Batting: LHB Preston Knaak
|
0-0: Ball 1-0: Ball 2-0: Ball 3-0: Base on Balls
|
Batting: RHB Mark Jones
|
0-0: Foul Ball, location: 2F 0-1: Ball 1-1: Foul Ball, location: 2F 1-2: Ball 2-2: Grounds into double play, 6-4-3 (Groundball, 6, EV 86.9 MPH)
|
Pinch Hitting: LHB Victor Lema
|
0-0: Ball 1-0: Swinging Strike 1-1: Ball 2-1: Called Strike 2-2: Ground out 6-3 (Groundball, 6, EV 79.4 MPH)
|
Top of the 9th over - 0 runs, 0 hits, 0 errors, 0 left on base; Kannapolis 2 - Lansing 6 |
|